AoeStats
← Mezzanine00

Oasis

508053796Analyzed
4v4 RM · 10d ago on Sep 20, 2026· 71m 31s· 8 players
Game mode
Random Map
Map size
Large (8 player)
Population
200
Speed
Normal
Resources
Standard
Victory
Conquest
Starting age
Dark Age
Ending age
Imperial Age
RankedLock teamsTeams togetherTeam positionsShared explorationLock speedFull tech treeHidden civsTurbo modeCheats
Victory
Defeat
🇦🇷 Hindustanis · Argentina
1537
+20
🇦🇷 Persians · Argentina
1536
+20
🇦🇷 Ethiopians · Argentina
1508
+21
🇺🇾 Saracens · Uruguay
1476
+22
🇮🇹 Persians · Italy
1694
-24
🇮🇹 Britons · Italy
1667
-22
🇦🇷 Magyars · Argentina
1591
-20
🇬🇧 Tatars · United Kingdom
1523
-17
changolango
6:31 Loom
9:01 Feudal Age
9:32 Double-Bit Axe
17:27 Bloodlines
22:03 Scale Barding Armor
26:45 Castle Age
26:23 Fletching
27:55 Chain Barding Armor
27:37 Husbandry
26:58 Light Cavalry
28:38 Bodkin Arrow
33:11 Horse Collar
37:00 Gold Mining
49:16 Imperial Age
47:29 Gold Shaft Mining
46:44 Stone Mining
47:50 Wheelbarrow
47:54 Town Watch
48:41 Thumb Ring
53:36 Conscription
54:11 Padded Archer Armor
55:09 Ballistics
55:05 Bracer
67:09 Leather Archer Armor
72:02 Ring Archer Armor
Dott_Berlu
6:29 Loom
11:28 Feudal Age
15:25 Castle Age
13:36 Double-Bit Axe
14:29 Horse Collar
16:24 Bow Saw
16:15 Heavy Plow
23:51 Wheelbarrow
23:33 Stone Mining
24:37 Gold Mining
27:17 Hand Cart
30:06 Imperial Age
28:29 Scale Barding Armor
28:35 Forging
30:16 Bloodlines
30:07 Husbandry
30:46 Chain Barding Armor
30:48 Conscription
30:59 Town Watch
31:08 Elite War Elephant
33:16 Gold Shaft Mining
33:43 Two-Man Saw
33:23 Plate Barding Armor
34:22 Iron Casting
36:09 Fletching
36:42 Ballistics
39:13 Blast Furnace
38:10 Bodkin Arrow
44:35 Stone Shaft Mining
46:17 Devotion
47:38 Hoardings
50:05 Chemistry
49:16 Masonry
58:26 Light Cavalry
59:13 Hussar
62:13 Crop Rotation
65:51 Architecture
69:08 Caravan
GdR_Scugo
6:39 Loom
9:27 Feudal Age
11:41 Double-Bit Axe
13:51 Fletching
23:46 Castle Age
24:22 Bodkin Arrow
25:27 Wheelbarrow
25:26 Fortified Wall
26:36 Bow Saw
32:15 Horse Collar
33:50 Ballistics
35:07 Padded Archer Armor
37:57 Yeomen
38:49 Leather Archer Armor
42:51 Imperial Age
43:23 Stone Mining
43:34 Bracer
44:36 Chemistry
44:21 Conscription
44:39 Elite Longbowman
51:36 Forging
51:26 Scale Mail Armor
52:11 Ring Archer Armor
51:39 Pikeman
52:19 Squires
52:37 Scale Mail Armor
52:07 Halberdier
53:35 Iron Casting
53:48 Chain Mail Armor
55:31 Plate Mail Armor
57:25 Ring Archer Armor
65:02 Arson
66:24 Iron Casting
67:05 Caravan
Mezzanine00
6:37 Loom
9:04 Feudal Age
9:44 Double-Bit Axe
14:03 Fletching
16:05 Padded Archer Armor
23:26 Castle Age
23:16 Gold Mining
23:08 Horse Collar
24:07 Bodkin Arrow
23:51 Crossbowman
26:19 Ballistics
27:44 Bow Saw
28:22 Leather Archer Armor
30:09 Husbandry
31:20 Bloodlines
35:17 Wheelbarrow
34:27 Town Watch
40:09 Hand Cart
43:59 Heavy Plow
El Kb
8:29 Feudal Age
9:18 Double-Bit Axe
9:44 Horse Collar
19:57 Castle Age
19:58 Wheelbarrow
20:42 Bow Saw
21:15 Loom
22:44 Heavy Plow
23:01 Hand Cart
22:50 Stone Mining
28:00 Gold Mining
31:13 Imperial Age
28:56 Bloodlines
28:52 Scale Barding Armor
29:10 Husbandry
31:23 Chain Barding Armor
31:32 Cavalier
33:30 Plate Barding Armor
33:26 Savar
34:43 Forging
36:12 Iron Casting
35:40 Scale Mail Armor
35:09 Pikeman
35:49 Squires
36:25 Iron Casting
36:10 Halberdier
37:06 Chain Mail Armor
40:04 Two-Man Saw
41:28 Plate Mail Armor
41:59 Blast Furnace
42:34 Conscription
43:43 Fletching
43:36 Light Cavalry
44:32 Masonry
45:54 Chemistry
45:59 Gold Shaft Mining
45:40 Arson
46:40 Coinage
45:58 Hussar
47:53 Banking
50:28 Caravan
52:05 Architecture
54:41 Murder Holes
58:19 Town Watch
le ignacio
7:18 Loom
10:05 Feudal Age
12:54 Double-Bit Axe
14:40 Fletching
15:45 Town Watch
16:06 Padded Archer Armor
15:53 Horse Collar
23:32 Castle Age
22:18 Padded Archer Armor
22:41 Gold Mining
23:33 Wheelbarrow
24:07 Crossbowman
24:48 Bodkin Arrow
27:20 Gold Shaft Mining
30:45 Imperial Age
29:02 Gold Shaft Mining
28:41 Bow Saw
28:57 Leather Archer Armor
30:54 Onager
33:55 Chemistry
33:39 Ballistics
34:10 Bracer
35:29 Scale Mail Armor
35:40 Forging
36:07 Conscription
36:27 Chain Mail Armor
36:36 Fortified Wall
37:51 Iron Casting
39:07 Plate Mail Armor
46:11 Squires
46:33 Halberdier
49:52 Blast Furnace
50:55 Elite Skirmisher
58:58 Hand Cart
Nanobot
6:07 Loom
8:50 Feudal Age
10:12 Horse Collar
10:20 Double-Bit Axe
10:39 Horse Collar
15:31 Scale Barding Armor
17:59 Forging
18:57 Wheelbarrow
22:24 Castle Age
21:14 Bloodlines
22:32 Light Cavalry
23:13 Husbandry
23:34 Chain Barding Armor
23:16 Gold Mining
25:22 Bow Saw
37:25 Imperial Age
35:14 Hand Cart
35:50 Gold Shaft Mining
36:01 Heavy Plow
36:59 Iron Casting
37:02 Stone Mining
37:06 Town Watch
37:31 Heavy Camel Rider
38:47 Plate Barding Armor
39:17 Imperial Camel Rider
41:01 Blast Furnace
47:25 Town Patrol
49:49 Pikeman
50:30 Squires
50:31 Scale Mail Armor
50:22 Fletching
50:32 Padded Archer Armor
51:26 Hussar
52:51 Conscription
52:33 Grand Trunk Road
53:11 Hoardings
55:24 Coinage
59:15 Bodkin Arrow
64:16 Caravan
64:40 Ballistics
65:20 Chemistry
73:04 Two-Man Saw
[GGnT] Nanito_Uy
6:51 Loom
9:37 Feudal Age
14:38 Fletching
15:57 Padded Archer Armor
16:47 Double-Bit Axe
26:20 Castle Age
25:45 Gold Mining
25:51 Horse Collar
26:29 Crossbowman
27:19 Bodkin Arrow
28:03 Leather Archer Armor
31:24 Ballistics
37:20 Gold Shaft Mining
40:58 Wheelbarrow
46:12 Imperial Age
46:36 Hand Cart
46:18 Arbalester
46:58 Bracer
47:19 Bow Saw
47:45 Bracer
48:47 Chemistry
48:49 Scale Mail Armor
48:59 Forging
48:39 Pikeman
51:15 Chain Mail Armor
51:35 Iron Casting
51:28 Squires
52:15 Ring Archer Armor
52:44 Plate Mail Armor
53:29 Thumb Ring
54:26 Blast Furnace
54:30 Conscription
54:50 Arson
55:08 Treadmill Crane
55:39 Masonry
59:43 Counterweights
61:30 Two-Man Saw
61:29 Caravan
62:56 Elite Skirmisher
66:31 Heavy Plow
Connection lost

Rejoining the realm…

Still unreachable

The connection could not be restored.

Session expired

The server has moved on; the page needs a fresh start.